 Dungeon Sprint DCSS version 0.19.0-19-g8c6edcc (webtiles) character file.

53 Faca the Covered (level 3, -6/37 HPs)
             Began as a Minotaur Fighter on Nov 13, 2016.
             Drowned by a water elemental (9 damage)
             ... in the Dungeon (Sprint III: "The Ten Rune Challenge").
             The game lasted 00:02:24 (340 turns).

Faca the Covered (Minotaur Fighter)                  Turns: 340, Time: 00:02:25

Health: -6/37      AC:  7    Str: 20    XL:     3   Next: 64%
Magic:  2/2        EV:  8    Int:  5    God:
Gold:   15         SH: 10    Dex: 10    Spells: 0 memorised, 2 levels left

rFire  . . .     SeeInvis .     a - +0 long sword
rCold  . . .     Gourm    .     b - +0 scale mail
rNeg   . . .     Faith    .     c - +0 shield
rPois  .         Spirit   .     (helmet restricted)
rElec  .         Reflect  .     (no cloak)
rCorr  .         Harm     .     (no gloves)
MR     .....     NoTele   +     (no boots)
Stlth  ..........               (no amulet)
                                (no ring)
                                (no ring)

@: engulfed (cannot breathe)
A: retaliatory headbutt, horns 2
a: no special abilities


You were in the Dungeon.
You were not hungry.

You visited 1 branch You collected 15 gold pieces.

Inventory:

Hand Weapons
 a - a +0 long sword (weapon)
Armour
 b - a +0 scale mail (worn)
 c - a +0 shield (worn)
Scrolls
 k - a scroll of blinking
 s - a scroll of random uselessness {unknown}
 t - a scroll of remove curse {unknown}
Potions
 d - a potion of might
 e - a potion of curing
 g - a potion of heal wounds
 h - 2 potions of haste
 i - 2 potions of magic
 j - a potion of berserk rage
 p - 2 potions of cure mutation
 q - 2 potions of flight {unknown}
Comestibles
 f - a bread ration
 o - a meat ration
 u - a royal jelly


   Skills:
 + Level 5.9 Fighting
 + Level 3.6 Long Blades
 + Level 6.0 Armour
 + Level 0.7 Dodging
 + Level 5.9 Shields


You had 2 spell levels left.
You didn't know any spells.

Dungeon Overview and Level Annotations

Branches:
Dungeon (1/1)

Altars:


Innate Abilities, Weirdness & Mutations

You reflexively headbutt those who attack you in melee.
You have a pair of horns on your head.


Message History

There is an open door here.
You open the door.
A water elemental comes into view.
You hit the water elemental but do no damage.
Your headbutt misses the water elemental.
The water elemental hits you!
The water elemental engulfs you in water!
You hit the water elemental.
The water elemental is lightly damaged.
Your lungs strain for air!
The water elemental hits you!
Your shield and scale mail prevent you from hitting the water elemental.
The water elemental is lightly damaged.
* * * LOW HITPOINT WARNING * * *
Your lungs strain for air!
The water elemental hits you.
* * * LOW HITPOINT WARNING * * *
You barely miss the water elemental. You headbutt the water elemental!
The water elemental is moderately damaged.
You die...

▓▓▓▓▓▓▓▓ ▓▓▓ <..#...####
##.# ...#......#####..#
..##..)....#..#..#
##.##.##...#!.#..# #+#+#
##.##.###..##'#..#......
#.####.##..###..@E.⌠....
.###..##..####...#...###
#.....##..###....# ⌠.#
###..##...##.....# .#
##..##....#......# #
#..###..##†#.....# #(.#
#..#####....# ▓▓▓▓ ▓▓▓▓
▓▓▓▓▓▓


You could see a water elemental.

Vanquished Creatures
  Jessica (D)
  A human (D)
  An ooze (D)
  A phantom (D)
  2 rats (D)
6 creatures vanquished.

Vanquished Creatures (others)
  2 draconian scorchers (D)
  6 hellions (D)
  A yaktaur (D)
  A plant (D)
10 creatures vanquished.

Grand Total: 16 creatures vanquished

Notes
Turn   | Place    | Note
-------+----------+-------------------------------------------
     0 | D        | Faca the Minotaur Fighter began the quest for the Orb.
     0 | D        | Reached XP level 1. HP: 19/19 MP: 0/0
    12 | D        | Reached skill level 4 in Armour
    88 | D        | Killed a hellion
   108 | D        | Noticed Jessica
   112 | D        | Killed Jessica
   112 | D        | Reached skill level 5 in Fighting
   112 | D        | Reached skill level 5 in Armour
   112 | D        | Reached skill level 5 in Shields
   112 | D        | Reached XP level 2. HP: 29/29 MP: 1/1
   112 | D        | Reached XP level 3. HP: 36/36 MP: 2/2
   122 | D        | Killed a yaktaur
   125 | D        | Killed a hellion
   126 | D        | Killed a hellion
   142 | D        | Killed a white draconian scorcher
   162 | D        | Reached skill level 6 in Armour
   204 | D        | Killed a white draconian scorcher
   237 | D        | Killed a hellion
   238 | D        | Killed a hellion
   284 | D        | Killed a hellion
   336 | D        | Noticed a water elemental
   340 | D        | Drowned by a water elemental

Skill      XL: |  1  2  3 |
---------------+----------+-----
Fighting       | 5 |  5.9
Armour         | 5 6 |  6.0
Shields        | 5 |  5.9
Long Blades    | 3 |  3.6
Dodging        | |  0.7

Action                   || total
-------------------------++-------
Melee: Long sword        ||    23
       Headbutt          ||     6
  Use: Scroll            ||     4
Armor: Scale mail        ||     4
Dodge: Dodged            ||     4
Block: Shield            ||     8
       Rpst.: Long sword ||     2
